 Dungeon Crawl Stone Soup version 0.23-a0-650-ga4d50d4d25 (webtiles) character file.

505 Morbidden the Conjurer (level 6, -4/33 HPs)
             Began as a Deep Elf Conjurer on Jan 7, 2019.
             Was a Follower of Okawaru.
             Shot with an arrow by a centaur (11 damage)
             ... on level 5 of the Dungeon.
             The game lasted 00:14:41 (4515 turns).

Morbidden the Conjurer (Deep Elf Conjurer)          Turns: 4515, Time: 00:14:41

Health: -4/33      AC:  3    Str:  5    XL:     6   Next: 96%
Magic:  17/17      EV: 14    Int: 22    God:    Okawaru [*.....]
Gold:   165        SH:  0    Dex: 15    Spells: 14/17 levels left

rFire    . . .     SeeInvis .   n - +2 dagger (protect)
rCold    . . .     Gourm    .   (no shield)
rNeg     . . .     Faith    .   a - +0 robe
rPois    .         Spirit   .   (no helmet)
rElec    .         Reflect  .   r - +0 cloak
rCorr    .         Harm     .   (no gloves)
MR       .....                  (no boots)
Stlth    ++........             (no amulet)
HPRegen  0.11/turn              (no ring)
MPRegen  0.15/turn              (no ring)

@: no status effects
A: no striking features
a: Heroism, Renounce Religion


You were on level 5 of the Dungeon.
You worshipped Okawaru.
Okawaru was aware of your devotion.
You were very hungry.

You visited 2 branches of the dungeon, and saw 6 of its levels.

You collected 165 gold pieces.

Inventory:

Hand Weapons
 n - a +2 dagger of protection (weapon)
Armour
 a - a +0 robe (worn)
 r - a +0 cloak (worn)
Jewellery
 b - an uncursed ring of magical power {unknown}
 e - an uncursed ring of wizardry {unknown}
Scrolls
 d - 2 scrolls of amnesia {unknown}
 g - 3 scrolls of remove curse {unknown}
 i - 3 scrolls of identify {unknown}
 k - a scroll of teleportation {unknown}
 o - a scroll of immolation {unknown}
 q - a scroll of enchant weapon {unknown}
Potions
 h - a potion of haste {unknown}
 j - a potion of resistance {unknown}
 l - a potion of might
 m - a potion of heal wounds {unknown}
 p - a potion of degeneration {unknown}
Comestibles
 c - 5 rations


   Skills:
 + Level 0.7 Fighting
 + Level 1.4 Short Blades
 + Level 3.4 Dodging
 - Level 2.6 Stealth
 + Level 6.0 Spellcasting
 + Level 7.2 Conjurations


You had 14 spell levels left.
You knew the following spells:

 Your Spells              Type           Power        Failure   Level  Hunger
a - Magic Dart            Conj           ####         1%          1    None
b - Searing Ray           Conj           #####.       1%          2    None

Your spell library contained the following spells:

 Spells                   Type           Power        Failure   Level  Hunger
 Iskenderun's Mystic Bla  Conj           #####...     4%          4    ###....
 Dazzling Spray           Conj/Hex       ###...       6%          3    #......
 Force Lance              Conj/Tloc      ###.....     21%         4    ###....
 Fulminant Prism          Conj/Hex       ###.......   21%         4    ###....


Dungeon Overview and Level Annotations

Branches:
Dungeon (5/15)             Temple (1/1) D:4

Altars:
Ashenzari
Cheibriados
Dithmenos
Elyvilon
Gozag
Kikubaaqudgha
Makhleb
Nemelex Xobeh
Okawaru
Qazlal
Sif Muna
Trog
Uskayaw
Vehumet
Wu Jian
Xom
Yredelemnul
Zin
The Shining One

Annotations:
D:3 1 runed door, Sigmund
D:4 Dowan, Duvessa
D:5 Grinder


Message History

Unknown command.
You start resting.
Magic restored.
Unknown command.
You climb downwards.
You hear the hiss of flowing sand.
There is an entrance to an ossuary on this level.
Hurry and find it before the Level annotation: Grinder You hear the hiss of a very distant avalanche of sand.
An iguana and a centaur come into view.
Grinder shouts!
The iguana hisses angrily.
Found 9 gold pieces.
There is a stone staircase leading up here.
The centaur wields a +0 shortbow.
The centaur shoots an arrow.
The arrow hits you.
* * * LOW HITPOINT WARNING * * *
You see here an arrow.
You open the door.
The centaur shoots an arrow.
The arrow barely misses you.
The centaur shoots an arrow.
The arrow hits you!
You die...

#.....................
##########...........#
....$.........##
#..............
#..............
##.............
............#
..c...5<....#.##
....l...@(......
.....####'#.#... ....
.# # ... .# ## ##


You could see Grinder, a centaur and an iguana.

Vanquished Creatures
  2 phantoms
  A centaur (D:5)
  A hound (D:5)
  A jelly (D:5)
  An orc wizard (D:4)
  A worker ant (D:4)
  4 adders
  An ooze (D:2)
  2 dart slugs
  9 orcs
  3 giant cockroaches
  10 goblins
  6 hobgoblins
  14 jackals
  10 kobolds
  2 quokkas
  A ball python (D:1)
  8 bats
  9 frilled lizards
  10 rats
96 creatures vanquished.

Notes
Turn   | Place    | Note
-------+----------+-------------------------------------------
     0 | D:1      | Morbidden the Deep Elf Conjurer began the quest for the
                  | Orb.
     0 | D:1      | Reached XP level 1. HP: 10/10 MP: 6/6
   306 | D:1      | Reached XP level 2. HP: 15/15 MP: 5/8
   430 | D:1      | Reached skill level 5 in Conjurations
   888 | D:1      | Reached XP level 3. HP: 19/19 MP: 6/9
  1420 | D:2      | Found a faded altar of an unknown god.
  1653 | D:2      | Reached XP level 4. HP: 24/24 MP: 7/11
  1890 | D:3      | Reached skill level 6 in Conjurations
  2097 | D:3      | Noticed Sigmund
  2151 | D:3      | Learned a level 2 spell: Searing Ray
  2343 | D:4      | Reached XP level 5. HP: 13/28 MP: 1/13
  2622 | D:4      | Noticed a phantom
  2635 | D:4      | Killed a phantom
  2635 | D:4      | Reached skill level 5 in Spellcasting
  2917 | D:3      | Found a runed door.
  3137 | D:3      | Found a stormy altar of Qazlal.
  3294 | D:4      | Found a staircase to the Ecumenical Temple.
  3300 | Temple   | Entered the Ecumenical Temple
  3596 | Temple   | Became a worshipper of Warmaster Okawaru
  3693 | D:4      | Reached XP level 6. HP: 30/32 MP: 10/15
  3796 | D:4      | Noticed Duvessa
  3796 | D:4      | Noticed Dowan
  3932 | D:4      | Found a shimmering altar of Xom.
  4191 | D:5      | Entered Level 5 of the Dungeon
  4208 | D:5      | Reached skill level 1 in Short Blades
  4208 | D:5      | Reached skill level 7 in Conjurations
  4322 | D:5      | Reached * piety under Okawaru
  4375 | D:5      | Noticed Grinder
  4379 | D:5      | Paralysed by Grinder for 5 turns
  4390 | D:5      | Paralysed by Grinder for 5 turns
  4515 | D:5      | Shot with an arrow by a centaur

Vault maps used:
D:1:      giann_wishing_wells, bh_walls_and_bars
D:2:      first_ration, chequers_ecumenical_altar_simple
D:3:      lemuel_doored_altar, uniq_crazy_yiuf_cottage, uniq_sigmund
D:4:      minmay_bubble_buster, minmay_temple_entry_hall, st_stairs_4, tgw_xom,
          uniq_duvessa, uniq_robin
D:5:      gammafunk_temple_overflow_statue, biasface_ghost_orc_armoury,
          enter_ossuary_5, chequers_serial_rivers_room_a, uniq_ijyb,
          uniq_grinder
Temple:   dpeg_five_rooms_temple

Skill      XL: |  1  2  3  4  5  6 |
---------------+-------------------+-----
Conjurations   | 5 6 7 |  7.2
Spellcasting   | 4 5 6 |  6.0
Dodging        | 3 |  3.4
Short Blades   | 1 |  1.4
Fighting       | |  0.7
Stealth        | |  2.6

Action                   |  1- 3 |  4- 6 || total
-------------------------+-------+-------++-------
Melee: Unarmed           |     9 |       ||     9
       Dagger            |       |    44 ||    44
 Cast: Magic Dart        |    89 |   132 ||   221
       Searing Ray       |       |     7 ||     7
Invok: Heroism           |       |     2 ||     2
  Use: Potion            |       |     3 ||     3
  Eat: Chunk             |     2 |     4 ||     6
       Ration            |       |     1 ||     1
Armor: Robe              |     3 |    12 ||    15
Dodge: Dodged            |    16 |    47 ||    63

Table legend:
 A = Non-vault XP
 B = Vault XP
 C = Vault XP percentage of total XP
 D = Non-vault monster count
 E = Vault monster count
 F = Vault count percentage of total count
                 A         B        C        D         E       F
            +---------+---------+-------+---------+---------+-------
      Total |     672 |      50 |   6.9 |      89 |       7 |   7.3
            +---------+---------+-------+---------+---------+-------
        D:1 |      43 |       0 |   0.0 |      26 |       0 |   0.0
        D:2 |      58 |       0 |   0.0 |      21 |       0 |   0.0
        D:3 |      84 |       2 |   2.3 |      31 |       1 |   3.1
        D:4 |     166 |      48 |  22.4 |       7 |       6 |  46.2
        D:5 |     321 |       0 |   0.0 |       4 |       0 |   0.0
            +---------+---------+-------+---------+---------+-------
